 Dungeon Crawl Stone Soup version 0.28.0-53-g5a82cb258f (webtiles) character file.

Game seed: 12856749538604295917

47 Tirrikindir the Ducker (level 3, 0/26 HPs)
             Began as an Octopode Fighter on Aug 12, 2022.
             Was a Believer of Lugonu.
             Slain by Crazy Yiuf
             ... wielding a +2 quarterstaff of chaos
              (12 damage)
             ... on level 2 of the Dungeon.
             The game lasted 00:04:35 (1827 turns).

Tirrikindir the Ducker (Octopode Fighter)           Turns: 1827, Time: 00:04:36

Health: 0/26       AC:  1    Str: 15    XL:     3   Next: 70%
Magic:  3/3        EV: 13    Int: 10    God:    Lugonu [**....]
Gold:   44         SH:  4    Dex: 13    Spells: 2/2 levels left

rFire   . . .      SeeInvis .   a - +2 long sword
rCold   . . .      Faith    .   b - +0 buckler
rNeg    . . .      Spirit   .   (helmet restricted)
rPois   .          Reflect  .   (no amulet)
rElec   .          Harm     .   (no ring)
rCorr   .          Rampage  .   (no ring)
Will    .....                   (no ring)
Stlth   +++.......              (no ring)
HPRegen 0.08/turn               (no ring)
MPRegen 0.08/turn               (no ring)
                                (no ring)
                                (no ring)

@: no status effects
A: almost no armour, amphibious, 8 rings, camouflage 1, gelatinous body 1,
(nimble swimmer 1), tentacles
a: Renounce Religion, Depart the Abyss, Bend Space


You were on level 2 of the Dungeon.
You worshipped Lugonu.
Lugonu was pleased with you.
You visited 1 branch of the dungeon, and saw 2 of its levels.

You collected 74 gold pieces.
You spent 30 gold pieces at shops.

Inventory:

Hand Weapons
 a - a +2 long sword (weapon)
Missiles
 e - 5 poisoned darts (quivered)
Armour
 b - a +0 buckler (worn)
Jewellery
 d - a ring of fire
Scrolls
 f - 2 scrolls of teleportation
 h - a scroll of vulnerability
 i - a scroll of summoning {unknown}
 k - a scroll of torment {unknown}
 l - 2 scrolls of fog {unknown}
Potions
 c - a potion of might
 j - a potion of ambrosia
 m - a potion of attraction {unknown}
 n - 2 potions of berserk rage {unknown}
 o - a potion of brilliance {unknown}


   Skills:
 + Level 3.2 Fighting
 * Level 2.7 Long Blades
 + Level 3.2 Dodging
 + Level 2.0 Stealth
 + Level 3.2 Shields
 + Level 0.6 Invocations


You had 2 spell levels left.
You didn't know any spells.
Your spell library was empty.

Dungeon Overview and Level Annotations

Branches:
Dungeon (2/15)

Altars:
Lugonu

Shops:
D:1 ?

Annotations:
D:2 Crazy Yiuf


Innate Abilities, Weirdness & Mutations

You cannot wear most types of armour.
You are amphibious.
You can wear up to eight rings at the same time.
Your skin changes colour to match your surroundings (Stealth+).
Your rubbery body absorbs attacks. (AC +1, EV +1)
((You are camouflaged when in or above water. (Stealth+)))
You have tentacles for arms and can constrict up to eight enemies at once.


Message History

You barely miss the rat. Your grab misses the rat. The rat closely misses you.
You slash the rat!
You kill the rat!
Lugonu accepts your kill.
You see here a rat corpse.
You slash the hobgoblin!
You kill the hobgoblin!
Lugonu accepts your kill.
Found a runed mace.
Found a stone staircase leading down.
You see here a +0 mace of draining.
An endoplasm comes into view.
The endoplasm quivers.
The endoplasm misses you.
You slash the endoplasm!
You kill the endoplasm!
Lugonu accepts your kill.
A rat comes into view.
You slash the rat!
You kill the rat!
Lugonu accepts your kill.
Found a glowing mace.
Found a runed translucent door.
As you open the door, it creaks loudly!
Crazy Yiuf shouts!
Crazy Yiuf zaps a wand.
The puff of flame hits you!
Ouch! That really hurt!
Crazy Yiuf yells, "Gnoll bush bag!"
Crazy Yiuf zaps a wand.
The puff of flame hits you!
* * * LOW HITPOINT WARNING * * *
There is an open translucent door here.
You feel better. Crazy Yiuf barely misses you.
You hit Crazy Yiuf. Your grab misses Crazy Yiuf. You squeeze Crazy Yiuf!
Crazy Yiuf is heavily wounded.
Crazy Yiuf whimpers, "Hah high tortoise!"
Crazy Yiuf barely misses you. You block Crazy Yiuf's attack.
You hit Crazy Yiuf. Your grab misses Crazy Yiuf.
Your squeeze misses Crazy Yiuf.
Crazy Yiuf is severely wounded.
Crazy Yiuf cries, "You leg down broken song, no?"
Crazy Yiuf hits you with a +2 quarterstaff of chaos!
You die...

#..####### #. #.
#. #. ##. #..
###### #####
####.. ##..+P##
###..)# #.....
#....P.####.'@g.#
#.#####.###.
#.....P.#..##...#
#.......#.#.
#.#.+..#.########
#####.......
#.########
#.###### #.#
#.#...#.
#.################
##.#.#.#.
#................#
#..#.#.#.
###########...##.#
#..#.#.#. #......#
#.(#.#.#.


You could see Crazy Yiuf.

Vanquished Creatures
  A worm (D:2)
  3 ball pythons
  6 endoplasms
  A giant cockroach (D:2)
  5 goblins
  2 hobgoblins
  2 jackals (D:1)
  4 quokkas
  5 bats
  2 frilled lizards
  2 kobolds
  7 rats
40 creatures vanquished.

Notes
Turn   | Place    | Note
-------+----------+-------------------------------------------
     0 | D:1      | Tirrikindir the Octopode Fighter began the quest for the
                  | Orb.
     0 | D:1      | Reached XP level 1. HP: 16/16 MP: 1/1
     9 | D:1      | Found a faded altar of an unknown god.
   184 | D:1      | Reached XP level 2. HP: 15/21 MP: 2/2
   311 | D:1      | Reached skill level 1 in Stealth
   464 | D:1      | Prayed at the altar of an unknown god.
   464 | D:1      | Became a worshipper of Lugonu the Unformed
   464 | D:1      | Reached * piety under Lugonu
   464 | D:1      | Reached ** piety under Lugonu
   725 | D:1      | Found Avollouniu's Magic Scroll Shop.
   730 | D:1      | Bought a scroll of noise for 10 gold pieces
   733 | D:1      | Bought a scroll of identify for 20 gold pieces
   979 | D:1      | Reached XP level 3. HP: 26/26 MP: 3/3
  1818 | D:2      | Found a runed translucent door.
  1819 | D:2      | Noticed Crazy Yiuf
  1827 | D:2      | Slain by Crazy Yiuf

Illustrated notes

Levels and vault maps discovered:
D:1:      wander_arrival_desolate, layout_basic,
          dreamdust_ecumenical_altar_angels_and_demons, serial_shops, shop,
          patterned_corridor
D:2:      layout_loops_ring, small_statue_intersection, kennysheep_path_1,
          minmay_misc_feat_cross, minivault_27, minmay_pentomino_u4,
          uniq_crazy_yiuf_cottage

Skill      XL: |  1  2  3 |
---------------+----------+-----
Stealth        | 1 2 |  2.0
Fighting       | |  3.2
Long Blades    | |  2.7
Dodging        | |  3.2
Shields        | |  3.2
Invocations    | |  0.6

Action                   || total
-------------------------++-------
Melee: Long sword        ||    77
       Constrict         ||    13
       Tentacles         ||     5
  Use: Scroll            ||     6
       Potion            ||     2
 Stab: Sleeping          ||    15
Armor: Skin              ||     9
Dodge: Dodged            ||    47
Block: Buckler           ||    21
